 Dungeon Crawl Stone Soup version 0.19.1 (webtiles) character file.

4094 CakeIsGreat the Digger (level 10, 0/56 HPs)
             Began as a Gargoyle Earth Elementalist on Dec 21, 2016.
             Was a Priest of Vehumet.
             Slain by a wolf (6 damage)
             ... on level 8 of the Dungeon.
             The game lasted 00:20:49 (9640 turns).

CakeIsGreat the Digger (GrEE)                       Turns: 9640, Time: 00:20:49

Health: 0/56       AC: 13    Str: 10 (11) XL:     10   Next: 26%
Magic:  13/21      EV: 12    Int: 17 (20) God:    Vehumet [***...]
Gold:   120        SH:  0    Dex:  8 (10) Spells: 3 memorised, 15 levels left

rFire  . . .     SeeInvis .     r - +1 mace (crush)
rCold  . . .     Gourm    .     B - +2 robe
rNeg   + . .     Faith    .     (no shield)
rPois  ∞         Spirit   .     (no helmet)
rElec  +         Reflect  .     y - +0 cloak
rCorr  .         Harm     .     a - +0 pair of gloves
MR     .....                    (no boots)
Stlth  ++........               u - amulet of magic regeneration
                                (no ring)
                                (no ring)

@: flying
A: negative energy resistance 1, electricity resistance, unbreathing,
petrification resistance, rot immunity, AC +7
a: Renounce Religion


You were on level 8 of the Dungeon.
You worshipped Vehumet.
Vehumet was most pleased with you.
You were not hungry.

You visited 2 branches of the dungeon, and saw 9 of its levels.

You collected 450 gold pieces.
You spent 330 gold pieces at shops.

Inventory:

Hand Weapons
 f - a +1 whip of draining
 o - a +0 mace
 p - a +0 whip
 r - a +1 mace of crushing (weapon)
 w - a +4 quarterstaff of chaos
 A - a +0 scythe of venom
 H - a +5 spear of piercing
 M - a +0 vampiric spear
 P - a +1 halberd of pain
 R - a +1 spear of flaming
 S - a +0 spear of piercing
 T - a +1 halberd of chopping
 U - a cursed -2 spear
Missiles
 b - 198 stones (quivered)
Armour
 a - a +0 pair of gloves (worn)
 l - a +0 buckler
 y - a +0 cloak (worn)
 B - a +2 robe (worn)
Jewellery
 q - an uncursed ring of ice
 u - an amulet of magic regeneration (around neck)
 E - an uncursed ring of wizardry {unknown}
 I - an uncursed ring of wizardry {unknown}
 V - an uncursed ring of stealth {unknown}
Wands
 N - a wand of disintegration (8/24)
Scrolls
 i - 8 scrolls of identify
 n - 3 scrolls of remove curse
 z - a scroll of recharging {unknown}
 C - a scroll of blinking {unknown}
 G - a scroll of teleportation {unknown}
 J - a scroll of enchant armour {unknown}
 Q - a scroll of noise {unknown}
 W - a scroll of holy word {unknown}
 Z - a scroll of acquirement {unknown}
Potions
 g - a potion of haste
 h - a potion of degeneration
 j - 4 potions of might
 k - 2 potions of brilliance {unknown}
 v - 3 potions of heal wounds {unknown}
 D - a potion of flight
 F - 6 potions of curing
 K - a potion of agility
 X - a potion of mutation
 Y - a potion of cure mutation
Books
 e - a book of Geomancy

   Spells                             Type                      Level
   a - Sandblast                      Earth                        1
   b - Passwall                       Transmutation/Earth          2
   c - Stone Arrow                    Conjuration/Earth            3
   d - Petrify                        Transmutation/Earth          4
   e - Lee's Rapid Deconstruction     Earth                        5
 O - a Young Poisoner's Handbook

   Spells                             Type                      Level
   a - Sting                          Conjuration/Poison           1
   b - Mephitic Cloud                 Conjuration/Poison/Air       3
   c - Olgreb's Toxic Radiance        Poison                       4
   d - Alistair's Intoxication        Transmutation/Poison         5
   e - Venom Bolt                     Conjuration/Poison           5
Comestibles
 d - 3 bread rations
 m - 4 meat rations
 x - 10 fruits
 L - a beef jerky


   Skills:
 + Level 3.8 Fighting
 + Level 3.1(4.0) Maces & Flails
 + Level 3.7(4.3) Staves
 + Level 3.9 Armour
 - Level 1.5 Dodging
 - Level 2.1 Stealth
 + Level 3.6 Shields
 * Level 7.9 Spellcasting
 + Level 6.2 Conjurations
   Level 0.7 Transmutations
 + Level 7.9 Earth Magic
 + Level 1.8 Evocations


You had 15 spell levels left.
You knew the following spells:

 Your Spells              Type           Power        Failure   Level  Hunger
a - Sandblast             Erth           ####..       1%          1    None
b - Stone Arrow           Conj/Erth      ####..       1%          3    #......
c - Lee's Rapid Deconstr  Erth           ####......   4%          5    #####..


Dungeon Overview and Level Annotations

Branches:
Dungeon (8/15)             Temple (1/1) D:4            Lair (0/6) D:8

Altars:
Ashenzari
Cheibriados
Dithmenos
Elyvilon
Fedhas
Gozag
Hepliaklqana
Kikubaaqudgha
Makhleb
Nemelex Xobeh
Okawaru
Qazlal
Ru
Sif Muna
Trog
Uskayaw
Vehumet
Xom
Yredelemnul
Zin
The Shining One

Shops:
D:7 *   D:8 !


Innate Abilities, Weirdness & Mutations

You are resistant to torment.
Your stone body is resilient. (AC +7)
You are immune to poison.
You resist negative energy. (rN+)
You are resistant to electric shocks. (rElec)
You can survive without breathing.
You are immune to petrification.
You are immune to rotting.


Message History

The wolf misses you. The wolf closely misses you. The wolf barely misses you.
Okay, then.
It was a potion of cancellation.
You feel magically purged. The wolf bites you.
* * * LOW HITPOINT WARNING * * *
The wolf bites you.
* * * LOW HITPOINT WARNING * * *
The wolf bites you.
* * * LOW HITPOINT WARNING * * *
It was a potion of degeneration.
There was something very wrong with that liquid.
You feel weakened.
You feel dopey.
You feel clumsy. The wolf barely misses you. x2
The wolf pauses to sniff the ground.
The wolf barely misses you.
It was a potion of flight.
You feel very buoyant.
You fly up into the air.
The wolf bites you!
* * * LOW HITPOINT WARNING * * *
The wolf bites you.
You die...

,...## #..#####
##...###..#
.......#.##
..........##
.....#.....##
............##
≈.........#..#####
............Thhhh#
.............h##@#
........#...h#####
........####.#
.........# #.#
.........# #.#
..h......#*#.#****
.........#,...,,,*
..........,*##****
≈...[.....#* ***


You could see a troll and 4 wolves.

Vanquished Creatures
  Grinder (D:5)
  A hippogriff (D:7)
  Sigmund (D:2)
  Duvessa (D:7)
  3 sky beasts
  An ice beast (D:5)
  6 ogres
  A wolf (D:8)
  A centaur (D:7)
  4 bullfrogs
  2 gnoll sergeants
  Dowan (D:7)
  A scorpion (D:7)
  4 killer bees (D:7)
  An electric eel (D:8)
  5 howler monkeys
  6 crimson imps
  3 hounds
  An orc wizard (D:6)
  Crazy Yiuf (D:3)
  3 gnoll shamans (D:6)
  2 orc priests (D:7)
  Jessica (D:3)
  Terence (D:3)
  An iguana (D:6)
  Natasha (thrice) (D:1)
  10 worker ants
  A hound zombie (D:7)
  A hound skeleton (D:6)
  A howler monkey skeleton (D:7)
  10 adders
  33 gnolls (D:6)
  A shadow imp (D:6)
  3 oozes
  2 dart slugs (D:1)
  6 leopard geckos
  21 orcs
  10 giant cockroaches
  9 goblins
  15 hobgoblins
  25 jackals
  9 kobolds
  2 quokkas
  4 ball pythons
  9 bats
  A frilled lizard (D:5)
  A quokka zombie (D:6)
  10 rats
  A fungus (D:3)
241 creatures vanquished.

Notes
Turn   | Place    | Note
-------+----------+-------------------------------------------
     0 | D:1      | CakeIsGreat the Gargoyle Earth Elementalist began the quest for the Orb.
     0 | D:1      | Reached XP level 1. HP: 10/10 MP: 3/3
   101 | D:1      | Reached XP level 2. HP: 15/15 MP: 0/5
   400 | D:1      | Reached XP level 3. HP: 15/19 MP: 0/7
   690 | D:1      | Learned a level 3 spell: Stone Arrow
  1132 | D:1      | Reached XP level 4. HP: 24/24 MP: 6/8
  1332 | D:2      | Noticed Sigmund
  1332 | D:2      | Noticed Natasha
  1618 | D:1      | Killed Natasha
  1831 | D:1      | Noticed Natasha
  1835 | D:1      | Killed Natasha
  1835 | D:1      | Reached XP level 5. HP: 22/28 MP: 3/11
  1981 | D:1      | Noticed Natasha
  1985 | D:1      | Killed Natasha
  1985 | D:1      | Reached skill level 5 in Earth Magic
  3530 | D:3      | Learned a level 5 spell: Lee's Rapid Deconstruction
  3597 | D:2      | Reached XP level 6. HP: 17/32 MP: 0/12
  3824 | D:3      | Noticed Terence
  3829 | D:3      | Killed Terence
  3829 | D:3      | Reached skill level 1 in Conjurations
  3988 | D:3      | Noticed Jessica
  3989 | D:3      | Killed Jessica
  4440 | D:3      | Found a blossoming altar of Fedhas.
  4671 | D:3      | Found a runed door.
  4675 | D:3      | Noticed Crazy Yiuf
  4677 | D:3      | Killed Crazy Yiuf
  4677 | D:3      | Reached skill level 5 in Spellcasting
  4759 | D:2      | Killed Sigmund
  4759 | D:2      | Reached XP level 7. HP: 26/36 MP: 0/15
  4860 | D:4      | Found a staircase to the Ecumenical Temple.
  4864 | Temple   | Entered the Ecumenical Temple
  4888 | Temple   | Became a worshipper of Vehumet
  5931 | D:5      | Entered Level 5 of the Dungeon
  6138 | D:5      | Noticed Grinder
  6141 | D:5      | Paralysed by Grinder for 2 turns
  6147 | D:5      | Killed Grinder
  6147 | D:5      | Reached skill level 1 in Armour
  6147 | D:5      | Reached XP level 8. HP: 40/42 MP: 4/17
  6231 | D:5      | Reached skill level 1 in Fighting
  6231 | D:5      | Reached skill level 1 in Staves
  6356 | D:5      | Reached skill level 1 in Maces & Flails
  6356 | D:5      | Reached skill level 1 in Shields
  6629 | D:5      | Reached * piety under Vehumet
  6629 | D:5      | Offered knowledge of Magic Dart by Vehumet.
  6795 | D:5      | Reached skill level 5 in Conjurations
  7096 | D:6      | Reached XP level 9. HP: 48/48 MP: 8/19
  7743 | D:6      | Reached ** piety under Vehumet
  7745 | D:6      | Offered knowledge of Flame Tongue by Vehumet.
  8190 | D:6      | Offered knowledge of Dazzling Spray by Vehumet.
  8475 | D:7      | Reached *** piety under Vehumet
  8547 | D:7      | Reached skill level 1 in Evocations
  8813 | D:7      | Reached XP level 10. HP: 51/56 MP: 7/21
  8885 | D:7      | Noticed Duvessa
  8886 | D:7      | Noticed Dowan
  8891 | D:7      | Killed Duvessa
  8893 | D:7      | Killed Dowan
  9257 | D:7      | Offered knowledge of Inner Flame by Vehumet.
  9263 | D:7      | Found Ipsaext's Assorted Antiques.
  9581 | D:8      | Found Weddosam's Distillery.
  9594 | D:8      | Bought a potion of mutation for 30 gold pieces
  9594 | D:8      | Bought a potion of cure mutation for 300 gold pieces
  9640 | D:8      | Slain by a wolf

Skill      XL: |  1  2  3  4  5  6  7  8  9 10 |
---------------+-------------------------------+-----
Earth Magic    | 4 5 6 7 |  7.9
Spellcasting   | 3 4 5 6 7 |  7.9
Conjurations   | 3 4 5 6 |  6.2
Armour         | 1 2 3 |  3.9
Fighting       | 2 3 |  3.8
Staves         | 2 3 |  3.7
Maces & Flails | 1 2 3 |  3.1
Shields        | 2 3 |  3.6
Evocations     | 1 |  1.8
Dodging        | |  1.5
Stealth        | |  2.1
Transmutations | |  0.7

Action                   |  1- 3 |  4- 6 |  7- 9 | 10-12 || total
-------------------------+-------+-------+-------+-------++-------
Melee: Unarmed           |    15 |    34 |       |       ||    49
       Mace              |       |    70 |    75 |    21 ||   166
 Cast: Sandblast         |    64 |    45 |     1 |       ||   110
       Stone Arrow       |       |    62 |   179 |    52 ||   293
       Lee's Rapid Decon |       |       |     2 |       ||     2
  Use: Potion            |       |     4 |       |     3 ||     7
       Scroll            |       |     5 |     1 |     2 ||     8
  Eat: Chunk             |     1 |    12 |    15 |     3 ||    31
       Bread ration      |       |     1 |       |       ||     1
       Beef jerky        |       |       |     1 |       ||     1
Armor: Robe              |    52 |    91 |    57 |    23 ||   223
       Skin              |       |    20 |       |       ||    20
Dodge: Dodged            |    69 |   155 |    95 |    36 ||   355
